 Dungeon Crawl Stone Soup version 0.27.1-3-gb3d3a73c9e (webtiles) character file.

Game seed: 7921297799583899718

86 4FPSwarrior the Digger (level 4, 0/29 HPs)
             Began as an Octopode Earth Elementalist on Oct 25, 2021.
             Slain by a phantom (8 damage)
             ... on level 3 of the Dungeon.
             The game lasted 00:13:21 (4167 turns).

4FPSwarrior the Digger (OpEE)                       Turns: 4167, Time: 00:13:21

Health: 0/29       AC:  1    Str:  6 (7)  XL:     4   Next: 50%
Magic:  7/7        EV: 13    Int: 16 (18) God:
Gold:   113        SH:  0    Dex: 10 (12) Spells: 0/7 levels left

rFire    . . .     SeeInvis .     - Unarmed
rCold    . . .     Faith    .   (no shield)
rNeg     . . .     Spirit   .   (helmet restricted)
rPois    .         Reflect  .   (no amulet)
rElec    .         Harm     .   (no ring)
rCorr    .         Rampage  .   (no ring)
Will     .....                  (no ring)
Stlth    +++.......             (no ring)
HPRegen  0.09/turn              (no ring)
MPRegen  0.10/turn              (no ring)
                                (no ring)
                                (no ring)

@: very slightly contaminated
A: almost no armour, amphibious, 8 rings, camouflage 1, gelatinous body 1,
(nimble swimmer 1), tentacles
a: no special abilities


You were on level 3 of the Dungeon.
You visited 1 branch of the dungeon, and saw 4 of its levels.

You collected 113 gold pieces.

Inventory:

Missiles
 b - 71 stones
Armour
 i - a +0 kite shield
Scrolls
 d - 2 scrolls of torment
 h - a scroll of teleportation {unknown}
 j - a scroll of brand weapon {unknown}
Potions
 a - a potion of magic
 g - 2 potions of attraction


   Skills:
 * Level 2.2 Fighting
 - Level 2.0 Dodging
 - Level 2.6 Stealth
 + Level 0.3 Shields
 + Level 1.2 Unarmed Combat
 + Level 2.4 Spellcasting
 + Level 0.8 Conjurations
 - Level 1.4 Transmutations
 + Level 3.3 Earth Magic


You couldn't memorise any spells.
You knew the following spells:

 Your Spells              Type           Power      Damage    Failure   Level
a - Sandblast             Erth           24%        2d8       4%          1
b - Magic Dart            Conj           16%        1d3       14%         1
c - Stone Arrow           Conj/Erth      16%        3d8       26%         3
d - Passwall              Tmut/Erth      7%         N/A       12%         2

Your spell library contained the following spells:

 Spells                   Type           Power      Damage    Failure   Level
 Call Imp                 Summ           1%         N/A       30%         2
 Corpse Rot               Necr/Air       N/A        N/A       30%         2
 Poisonous Vapours        Pois/Air       2%         N/A       30%         2
 Spider Form              Tmut/Pois      2%         N/A       41%         3
 Mephitic Cloud           Conj/Pois/Air  2%         N/A       47%         3
 Petrify                  Tmut/Erth      9%         N/A       58%         4
 Summon Lightning Spire   Summ/Air       1%         N/A       89%         4
 Irradiate                Conj/Tmut      2%         3d14      98%         5
 Freezing Cloud           Conj/Ice/Air   1%         6-21      99%         5


Dungeon Overview and Level Annotations

Branches:
Dungeon (4/15)
 Temple: D:4-7

Altars:


Innate Abilities, Weirdness & Mutations

You cannot wear most types of armour.
You are amphibious.
You can wear up to eight rings at the same time.
Your skin changes colour to match your surroundings (Stealth+).
Your rubbery body absorbs attacks. (AC +1, EV +1)
((You are camouflaged near water. (Stealth+)))
You have tentacles for arms and can constrict up to eight enemies at once.


Message History

Aim: a phantom (moderately damaged, 71% to hit)
The blast of sand hits the phantom!
The phantom is heavily damaged.
The phantom hits you.
Unknown command.
You tentacle-slap the phantom but do no damage.
The phantom is heavily damaged.
The phantom hits you.
The phantom blinks!
You blink.
Casting: Sandblast (safe; 4% risk of failure)
Confirm with . or Enter, or press ? or * to list all spells.
Aiming: Sandblast (safe; 4% risk of failure)
Press: ? - help, Shift-Dir - straight line, f/p - phantom
Aim: a phantom (heavily damaged, 71% to hit)
You miscast Sandblast.
You are very lightly contaminated with residual magic.
Nothing appears to happen.
The phantom closely misses you.
Unknown command.
Casting: Sandblast (safe; 4% risk of failure)
Confirm with . or Enter, or press ? or * to list all spells.
Aiming: Sandblast (safe; 4% risk of failure)
Press: ? - help, Shift-Dir - straight line, f/p - phantom
Aim: a phantom (heavily damaged, 71% to hit)
The blast of sand misses the phantom.
The phantom hits you.
Casting: Sandblast (safe; 4% risk of failure)
Confirm with . or Enter, or press ? or * to list all spells.
Aiming: Sandblast (safe; 4% risk of failure)
Press: ? - help, Shift-Dir - straight line, f/p - phantom
Aim: a phantom (heavily damaged, 71% to hit)
You miscast Sandblast.
Nothing appears to happen.
The phantom closely misses you.
Unknown command.
It was a potion of degeneration.
There was something very wrong with that liquid.
You feel weakened.
You feel dopey.
You feel clumsy. The phantom hits you.
* * * LOW HITPOINT WARNING * * *
The phantom blinks!
You blink.
Magic courses through your body. The phantom barely misses you.
The phantom hits you!
You die...

####### .♣....##
♣♣♣....###
.♣..♣....###
...♣♣♣.....#
.♣..♣..♣...########
♣♣♣(..♣♣♣..'....@>#
.♣..♣..♣...######W#
...♣♣♣...### #.#
.♣..♣..♣.# #.#
♣♣♣...♣♣♣# #.#
.♣..♣..♣.# #.#
...♣♣♣...# #.#
.♣..♣.##.########.#
♣♣♣...............#


You could see a phantom.

Vanquished Creatures
  2 adders (D:3)
  An adder skeleton (D:3)
  2 dart slugs
  6 endoplasms
  4 giant cockroaches
  6 hobgoblins
  7 jackals
  2 quokkas (D:3)
  5 ball pythons
  4 bats
  A frilled lizard (D:3)
  3 goblins
  6 kobolds
  7 rats
56 creatures vanquished.

Notes
Turn   | Place    | Note
-------+----------+-------------------------------------------
     0 | D:1      | 4FPSwarrior the Octopode Earth Elementalist began the quest
                  | for the Orb.
     0 | D:1      | Reached XP level 1. HP: 11/11 MP: 3/3
    40 | D:1      | Got the Compendium of Doom
   588 | D:1      | Found a faded altar of an unknown god.
   720 | D:1      | Reached XP level 2. HP: 18/18 MP: 3/5
   910 | D:1      | Reached skill level 1 in Fighting
  1248 | D:1      | Learned a level 1 spell: Magic Dart
  1275 | D:1      | Reached XP level 3. HP: 23/23 MP: 2/6
  1829 | D:2      | Reached skill level 1 in Unarmed Combat
  3176 | D:3      | Reached XP level 4. HP: 29/29 MP: 5/7
  3843 | D:4      | Noticed a phantom
  3959 | D:4      | Noticed a scorpion
  3960 | D:4      | Noticed a phantom
  3965 | D:4      | Noticed a kobold brigand
  4041 | D:4      | Learned a level 3 spell: Stone Arrow
  4044 | D:4      | Learned a level 2 spell: Passwall
  4167 | D:3      | Slain by a phantom

Illustrated notes

Levels and vault maps discovered:
D:1:      matt_arrival_los_fun, layout_basic, hellmonk_ecumenical_altar_run_dry
D:2:      layout_loops_corners, grunt_ministairs_4
D:3:      layout_basic, kennysheep_doodads
D:4:      layout_basic, serial_shops, shop_statue, uniq_ijyb

Skill      XL: |  1  2  3  4 |
---------------+-------------+-----
Fighting       | 1 2 |  2.2
Unarmed Combat | 1 |  1.2
Dodging        | |  2.0
Stealth        | |  2.6
Shields        | |  0.3
Spellcasting   | |  2.4
Conjurations   | |  0.8
Transmutations | |  1.4
Earth Magic    | |  3.3

Action                   |  1- 3 |  4- 6 || total
-------------------------+-------+-------++-------
Melee: Unarmed           |    27 |    10 ||    37
       Constrict         |     8 |     3 ||    11
       Tentacles         |     4 |     3 ||     7
 Cast: Sandblast         |    61 |    25 ||    86
       Magic Dart        |       |     1 ||     1
  Use: Scroll            |     4 |     2 ||     6
       Potion            |       |     4 ||     4
 Stab: Sleeping          |     1 |     1 ||     2
       Invisible         |       |     2 ||     2
Armor: Skin              |     5 |       ||     5
Dodge: Dodged            |    30 |    23 ||    53
